 Dungeon Crawl Stone Soup version 0.21-a0-471-gd587bd5 (webtiles) character file.

2114 kae the Geomancer (level 9, -3/52 HPs)
             Began as a Gargoyle Earth Elementalist on Nov 21, 2017.
             Slain by an orc warrior
             ... wielding a +0 glaive
              (13 damage)
             ... on level 5 of the Dungeon.
             The game lasted 00:07:07 (7790 turns).

kae the Geomancer (Gargoyle Earth Elementalist)     Turns: 7790, Time: 00:07:07

Health: -3/52      AC: 10    Str: 13    XL:     9   Next: 29%
Magic:  26/26      EV: 13    Int: 18    God:
Gold:   261        SH:  0    Dex: 10    Spells: 10/19 levels left

rFire    . . .     SeeInvis .   u - staff of conjuration
rCold    . . .     Gourm    .   (no shield)
rNeg     + . .     Faith    .   c - +1 robe
rPois    ∞         Spirit   .   (no helmet)
rElec    +         Reflect  .   G - +0 cloak
rCorr    .         Harm     .   (no gloves)
MR       .....                  (no boots)
Stlth    ++........             (no amulet)
HPRegen  0.17/turn              p - ring of magical power
MPRegen  0.20/turn              E - ring of wizardry

@: hasted, very quick
A: negative energy resistance 1, electricity resistance, unbreathing,
petrification resistance, rot immunity, AC +6
a: no special abilities


You were on level 5 of the Dungeon.
You were not hungry.

You visited 1 branch of the dungeon, and saw 6 of its levels.

You collected 261 gold pieces.

Inventory:

Hand Weapons
 a - a +1 club
Missiles
 b - 129 stones (quivered)
Armour
 c - a +1 robe (worn)
 v - a scarf of resistance
 G - a +0 cloak (worn)
Magical Staves
 u - an uncursed staff of conjuration (weapon)
Jewellery
 h - a +2 ring of intelligence
 i - an uncursed ring of resist corrosion
 p - a ring of magical power (left hand)
 t - an uncursed ring of ice
 C - an uncursed ring of protection from magic
 E - a ring of wizardry (right hand)
Wands
 z - a wand of iceblast (12)
Scrolls
 g - a scroll of identify
 q - 2 scrolls of amnesia
 y - 2 scrolls of remove curse
 D - a scroll of fear
 H - a scroll of teleportation {unknown}
Potions
 f - 5 potions of curing
 k - a potion of haste
 l - 2 potions of agility
 m - a potion of magic {unknown}
 o - 2 potions of resistance
 r - a potion of flight {unknown}
 w - 2 potions of brilliance {unknown}
 x - a potion of might {unknown}
 A - a potion of lignification {unknown}
 B - a potion of mutation {unknown}
 F - a potion of cancellation {unknown}
Books
 e - a book of Geomancy

   Spells                             Type                      Level
   a - Sandblast                      Earth                        1
   b - Passwall                       Transmutation/Earth          2
   c - Stone Arrow                    Conjuration/Earth            3
   d - Petrify                        Transmutation/Earth          4
   e - Lee's Rapid Deconstruction     Earth                        5
Comestibles
 d - 2 bread rations
 j - 4 royal jellies
 n - 4 fruits
 s - 3 meat rations
 I - 3 chunks of flesh


   Skills:
 + Level 3.9 Fighting
 + Level 2.1 Maces & Flails
 + Level 3.3 Dodging
 - Level 2.1 Stealth
 * Level 5.9 Spellcasting
 * Level 5.6 Conjurations
   Level 0.7 Transmutations
 * Level 8.1 Earth Magic
 + Level 1.9 Evocations


You had 10 spell levels left.
You knew the following spells:

 Your Spells              Type           Power        Failure   Level  Hunger
a - Sandblast             Erth           ####..       1%          1    None
b - Stone Arrow           Conj/Erth      #####.       1%          3    ##.....
c - Lee's Rapid Deconstr  Erth           ####......   4%          5    #####..


Dungeon Overview and Level Annotations

Branches:
Dungeon (6/15)
 Temple: D:4-7

Altars:
Dithmenos
Uskayaw
Xom


Innate Abilities, Weirdness & Mutations

You are resistant to torment.
Your stone body is resilient. (AC +6)
You are immune to poison.
You resist negative energy. (rN+)
You are resistant to electric shocks. (rElec)
You can survive without breathing.
You are immune to petrification.
You are immune to rotting.


Message History

You start resting.
Magic restored.
You start resting.
You climb downwards.
The orc warrior hits you with a glaive! The orc barely misses you.
The orc closely misses you. The orc warrior hits you with a glaive!
There is a stone staircase leading up here.
The orc hits you with a short sword. The orc closely misses you.
You climb upwards.
There is a stone staircase leading down here.
Unknown command.
Unknown command.
The orc warrior hits you from afar with a glaive!
* * * LOW HITPOINT WARNING * * *
The orc barely misses you. The orc barely misses you.
Okay, then.
You feel yourself speed up. The orc hits you but does no damage.
The orc warrior hits you from afar with a glaive!
You die...

# ###### ###########
.....# ########.........#
####.####................#
.............[>..........#
.###.####........#########
.###.####.......o#
.')..)..'......oo#
.########.......@########
.# #.......(.......# .#
#...............# .#
#...[...........#########
.#
######...........'........
.#
#................#########
.# #................# ##
#................#
#................#


You could see an orc warrior and 2 orcs.

Vanquished Creatures
  A two-headed ogre (D:5)
  Eustachio (D:5)
  Edmund (D:5)
  An orc warrior (D:5)
  2 ice beasts
  A sky beast (D:5)
  A phantom (D:5)
  2 ogres
  A crimson imp (D:5)
  A jelly (D:4)
  2 orc wizards
  Crazy Yiuf (D:5)
  An orc priest (D:5)
  A bullfrog skeleton (D:5)
  An iguana (D:4)
  Ijyb (D:4)
  2 worker ants
  A hound skeleton (D:4)
  3 gnolls (D:3)
  A howler monkey skeleton (D:4)
  9 adders
  2 shadow imps (D:5)
  2 dart slugs
  6 leopard geckos
  7 orcs
  6 giant cockroaches
  18 goblins
  9 hobgoblins
  17 jackals
  4 kobolds
  A quokka (D:3)
  A ball python (D:2)
  8 bats
  11 frilled lizards
  A quokka skeleton (D:4)
  7 rats
  A fungus (D:5)
136 creatures vanquished.

Notes
Turn   | Place    | Note
-------+----------+-------------------------------------------
     0 | D:1      | kae the Gargoyle Earth Elementalist began the quest for the Orb.
     0 | D:1      | Reached XP level 1. HP: 10/10 MP: 3/3
   290 | D:1      | Reached skill level 4 in Earth Magic
   290 | D:1      | Reached XP level 2. HP: 10/15 MP: 3/5
   857 | D:1      | Reached XP level 3. HP: 11/19 MP: 3/6
  1941 | D:2      | Reached XP level 4. HP: 24/24 MP: 6/8
  2270 | D:2      | Reached skill level 5 in Earth Magic
  2574 | D:2      | Learned a level 3 spell: Stone Arrow
  2591 | D:2      | Found a faded altar of an unknown god.
  3428 | D:3      | Reached skill level 1 in Conjurations
  3428 | D:3      | Reached XP level 5. HP: 28/28 MP: 10/10
  3906 | D:3      | Reached skill level 1 in Fighting
  4659 | D:4      | Found a hide-covered altar of Uskayaw.
  4707 | D:4      | Reached XP level 6. HP: 19/34 MP: 4/11
  5210 | D:4      | Noticed Ijyb
  5224 | D:4      | Killed Ijyb
  5765 | D:5      | Entered Level 5 of the Dungeon
  5777 | D:5      | Noticed an ice beast
  5781 | D:5      | Noticed an ice beast
  5798 | D:4      | Killed an ice beast
  5946 | D:5      | Killed an ice beast
  5946 | D:5      | Reached skill level 6 in Earth Magic
  5946 | D:5      | Reached XP level 7. HP: 40/40 MP: 10/13
  6142 | D:5      | Noticed a two-headed ogre
  6399 | D:5      | Noticed Edmund
  6403 | D:5      | Killed Edmund
  6403 | D:5      | Reached XP level 8. HP: 9/45 MP: 9/15
  6713 | D:5      | Reached skill level 7 in Earth Magic
  6879 | D:5      | Noticed Eustachio
  6886 | D:5      | Killed Eustachio
  6886 | D:5      | Reached skill level 5 in Spellcasting
  6923 | D:5      | You fall through a shaft!
  6957 | D:5      | Found a shadowy altar of Dithmenos.
  7076 | D:5      | Killed a two-headed ogre
  7076 | D:5      | Reached skill level 1 in Maces & Flails
  7076 | D:5      | Reached skill level 5 in Conjurations
  7076 | D:5      | Reached skill level 8 in Earth Magic
  7076 | D:5      | Reached skill level 1 in Evocations
  7076 | D:5      | Reached XP level 9. HP: 52/52 MP: 13/17
  7392 | D:5      | Found a runed door.
  7396 | D:5      | Noticed Crazy Yiuf
  7398 | D:5      | Killed Crazy Yiuf
  7492 | D:6      | Learned a level 5 spell: Lee's Rapid Deconstruction
  7498 | D:6      | Found a shimmering altar of Xom.
  7790 | D:5      | Slain by an orc warrior

Vault maps used:
D:1:      lemuel_arrival_hallway
D:2:      chequers_ecumenical_altar_simple_redux
D:4:      eat_drink_and_be_merry_uskayaw, first_bread, kennysheep_diamond,
          minmay_misc_feat_chi, minmay_misc_feat_diagonals, uniq_ijyb
D:5:      grunt_dithmenos_shadows, uniq_crazy_yiuf_cottage, uniq_edmund,
          uniq_eustachio
D:6:      xom_teletrap_fun, uniq_prince_ribbit1

Skill      XL: |  1  2  3  4  5  6  7  8  9 |
---------------+----------------------------+-----
Earth Magic    | 4 5 6 8 |  8.1
Spellcasting   | 3 4 5 |  5.9
Conjurations   | 1 2 4 5 |  5.6
Fighting       | 1 2 3 |  3.9
Dodging        | 2 3 |  3.3
Maces & Flails | 1 2 |  2.1
Evocations     | 1 |  1.9
Stealth        | |  2.1
Transmutations | |  0.7

Action                   |  1- 3 |  4- 6 |  7- 9 || total
-------------------------+-------+-------+-------++-------
Melee: Unarmed           |    24 |       |       ||    24
       Club              |   126 |   257 |    15 ||   398
       Staff             |       |       |    48 ||    48
 Cast: Sandblast         |    19 |    31 |    43 ||    93
       Stone Arrow       |       |    37 |    26 ||    63
  Use: Scroll            |     1 |     9 |     1 ||    11
       Potion            |       |       |     1 ||     1
 Stab: Sleeping          |     4 |     2 |     1 ||     7
       Distracted        |     1 |       |       ||     1
  Eat: Chunk             |     4 |    13 |     9 ||    26
       Fruit             |       |     2 |       ||     2
Armor: Robe              |    66 |   131 |    28 ||   225
Dodge: Dodged            |   155 |   254 |    51 ||   460

Table legend:
 A = Spawn XP
 B = Non-spawn XP
 C = Spawn XP percentage of total XP
 D = Spawn monster count
 E = Non-spawn monster count
 F = Spawn count percentage of total count
 G = Total turns spent on level
                    A         B        C        D         E        F      G
               +---------+---------+-------+---------+---------+-------+---------
         Total |       0 |    3020 |   0.0 |       0 |     135 |   0.0 |  7790
               +---------+---------+-------+---------+---------+-------+---------
           D:1 |       0 |      52 |   0.0 |       0 |      31 |   0.0 |  1657
           D:2 |       0 |      94 |   0.0 |       0 |      32 |   0.0 |  1682
           D:3 |       0 |     131 |   0.0 |       0 |      24 |   0.0 |  1065
           D:4 |       0 |     459 |   0.0 |       0 |      23 |   0.0 |  1772
           D:5 |       0 |    2244 |   0.0 |       0 |      24 |   0.0 |  1512
           D:6 |       0 |      40 |   0.0 |       0 |       1 |   0.0 |   102
               +---------+---------+-------+---------+---------+-------+---------
